 Dungeon Crawl Stone Soup version 0.29-a0-96-g93358da72b (webtiles) character file.

Game seed: 7257669623629122756

1289 cyrus the Covered (level 8, -2/73 HPs)
             Began as a Naga Fighter on Feb 11, 2022.
             Was a Follower of Trog.
             Slain by a yak (11 damage)
             ... on level 7 of the Dungeon.
             The game lasted 00:11:53 (5734 turns).

cyrus the Covered (Naga Fighter)                    Turns: 5734, Time: 00:11:54

Health: -2/73      AC:  7    Str: 28    XL:     8   Next: 55%
Magic:  8/8        EV:  8    Int:  8    God:    Trog [*.....]
Gold:   262        SH:  4    Dex: 10    Spells: 7/7 levels left

rFire   . . .      SeeInvis +   a - +0 trident
rCold   . . .      Faith    .   c - +0 buckler
rNeg    . . .      Spirit   .   b - +0 scale mail
rPois   +          Reflect  .   (no helmet)
rElec   .          Harm     .   (no cloak)
rCorr   .          Rampage  .   (no gloves)
Will    +....                   (no barding)
Stlth   ..........              (no amulet)
HPRegen 0.22/turn               p - +6 ring of strength
MPRegen 0.11/turn               (no ring)

@: on berserk cooldown, slowed, very slow
A: AC +2, large, see invisible, deformed body, poison resistance, slowness 2,
spit poison 1, naga tail 1
a: Spit Poison, Renounce Religion, Berserk


You were on level 7 of the Dungeon.
You worshipped Trog.
Trog was aware of your devotion.
You visited 1 branch of the dungeon, and saw 6 of its levels.

You collected 262 gold pieces.

Inventory:

Hand Weapons
 a - a +0 trident (weapon)
Missiles
 h - 127 stones (quivered)
Armour
 b - a +0 scale mail (worn)
 c - a +0 buckler (worn)
Jewellery
 p - a +6 ring of strength (left hand)
Wands
 y - a wand of acid (13)
Scrolls
 d - a scroll of magic mapping {unknown}
 e - a scroll of silence {unknown}
 f - a scroll of acquirement {unknown}
 j - 2 scrolls of vulnerability {unknown}
 l - a scroll of summoning {unknown}
 m - 2 scrolls of identify {unknown}
 o - 2 scrolls of teleportation {unknown}
 u - a scroll of fog {unknown}
 w - a scroll of noise {unknown}
Potions
 g - a potion of attraction {unknown}
 i - 2 potions of heal wounds {unknown}
 k - a potion of flight {unknown}
 n - a potion of haste {unknown}
 q - 4 potions of degeneration {unknown}
 r - 3 potions of curing {unknown}
 s - a potion of mutation {unknown}
 t - a potion of resistance {unknown}
 v - a potion of lignification {unknown}
 x - a potion of invisibility {unknown}


   Skills:
 + Level 4.7 Fighting
 + Level 5.7 Polearms
 + Level 5.9 Armour
 + Level 1.8 Dodging
 + Level 1.8 Stealth
 + Level 3.2 Shields


You had 7 spell levels left.
You didn't know any spells.
Your spell library was empty.

Dungeon Overview and Level Annotations

Branches:
Dungeon (7/15)
 Temple: D:4-7

Altars:
Okawaru
Trog

Shops:
D:4 [


Innate Abilities, Weirdness & Mutations

Your serpentine skin is tough. (AC +2)
You have supernaturally acute eyesight. (SInv)
Armour fits poorly on your strangely shaped body.
Your system is resistant to poisons. (rPois)
You cover ground very slowly.
You can spit poison.
You have a snake-like lower body.


Message History

You miss the orc wizard.
The orc wizard is heavily wounded.
A yak comes into view.
The yak bellows!
You impale the orc wizard!!
You kill the orc wizard!
Trog accepts your kill.
Trog appreciates your killing of a magic user.
You hit the yak.
The yak is lightly wounded.
The yak gores you.
You closely miss the yak.
The yak is lightly wounded.
You barely miss the yak.
The yak is lightly wounded.
You are no longer berserk.
You are exhausted.
You feel yourself slow down. The yak gores you.
You hit the yak.
The yak is moderately wounded.
The yak barely misses you.
You puncture the yak!
The yak is moderately wounded.
The yak closely misses you.
You closely miss the yak.
The yak is moderately wounded.
The yak gores you but does no damage.
You hit the yak.
The yak is moderately wounded.
The yak gores you!
* * * LOW HITPOINT WARNING * * *
The yak gores you!
* * * LOW HITPOINT WARNING * * *
You puncture the yak!
The yak is heavily wounded.
You block the yak's attack.
You closely miss the yak.
The yak is heavily wounded.
The yak gores you!
You die... # ##################Y#.#.# ..............))@YY....# ##################Y#...# .. # ##

You could see 4 yaks.

Vanquished Creatures
  An orc warrior (D:7)
  3 black bears
  A necrophage (D:5)
  2 ogres
  A wyvern zombie (D:5)
  A scorpion (D:6)
  A water moccasin zombie (D:5)
  2 water moccasin skeletons
  2 hounds
  2 jellies
  An orc priest (D:5)
  4 orc wizards
  A hound skeleton (D:5)
  2 gnolls (D:6)
  A howler monkey skeleton (D:6)
  3 adders
  2 shadow imps
  An ufetubus (D:4)
  A worm (D:2)
  2 dart slugs
  9 orcs
  5 ball pythons
  5 endoplasms
  A giant cockroach (D:1)
  6 goblins
  2 hobgoblins
  2 jackals (D:4)
  4 quokkas
  3 bats (D:1)
  A frilled lizard (D:1)
  3 kobolds (D:1)
  7 rats
82 creatures vanquished.

Notes
Turn   | Place    | Note
-------+----------+-------------------------------------------
     0 | D:1      | cyrus the Naga Fighter began the quest for the Orb.
     0 | D:1      | Reached XP level 1. HP: 21/21 MP: 1/1
    84 | D:1      | Reached XP level 2. HP: 25/28 MP: 2/2
   578 | D:1      | Reached XP level 3. HP: 28/34 MP: 3/3
  1185 | D:2      | Noticed a great orb of eyes
  1186 | D:2      | Found a faded altar of an unknown god.
  1196 | D:2      | Noticed a shining eye
  1198 | D:2      | Noticed a great orb of eyes
  1198 | D:2      | Noticed an eye of devastation
  1204 | D:2      | Prayed at the altar of an unknown god.
  1204 | D:2      | Became a worshipper of Trog the Wrathful
  1204 | D:2      | Reached * piety under Trog
  1287 | D:2      | You fall into a shaft and drop 2 floors!
  1287 | D:4      | Found Boeng's Antique Armour Shop.
  1357 | D:4      | Reached XP level 4. HP: 18/42 MP: 4/4
  2145 | D:4      | Noticed a black bear
  2153 | D:4      | Killed a black bear
  2154 | D:4      | Reached skill level 1 in Dodging
  2154 | D:4      | Reached XP level 5. HP: 41/49 MP: 5/5
  2159 | D:4      | Reached XP level 6. HP: 45/56 MP: 6/6
  2637 | D:4      | Found a bloodstained altar of Trog.
  2707 | D:5      | Entered Level 5 of the Dungeon
  2710 | D:5      | Noticed a necrophage
  2719 | D:5      | Killed a necrophage
  2941 | D:5      | Reached skill level 1 in Stealth
  2946 | D:5      | Reached XP level 7. HP: 63/63 MP: 7/7
  3888 | D:5      | Reached skill level 5 in Armour
  4785 | D:6      | Reached skill level 5 in Polearms
  4785 | D:6      | Reached XP level 8. HP: 68/72 MP: 8/8
  5473 | D:6      | Found an iron altar of Okawaru.
  5714 | D:7      | Noticed a yak
  5717 | D:7      | Noticed a yak
  5720 | D:7      | Noticed a yak
  5722 | D:7      | Noticed a yak
  5724 | D:7      | Noticed a yak
  5734 | D:7      | Slain by a yak

Illustrated notes

Levels and vault maps discovered:
D:1:      enne_arrival_octagon_isle, layout_loops_ring, kennysheep_pointless_box
D:2:      layout_rooms, hellmonk_ecumenical_altar_watching_god, feat_on_display
D:4:      layout_basic, mainiacjoe_overflow_alcove_1, nrook_campfire,
          minmay_shop_grid_forest
D:5:      layout_loops_ring
D:6:      layout_gridville, okawaru_altar_gauntlet_db
D:7:      kennysheep_housing_project, layout_basic, temple_statues, uniq_joseph,
          uniq_harold

Skill      XL: |  1  2  3  4  5  6  7 |
---------------+----------------------+-----
Armour         | 3 4 5 |  5.9
Polearms       | 3 4 5 |  5.7
Dodging        | 1 |  1.8
Stealth        | 1 |  1.8
Shields        | 3 |  3.2
Fighting       | 4 |  4.7

Action                   |  1- 3 |  4- 6 |  7- 9 || total
-------------------------+-------+-------+-------++-------
Melee: Trident           |    99 |    57 |   144 ||   300
Invok: Berserk           |     1 |     4 |     6 ||    11
 Abil: Spit Poison       |     3 |     1 |     2 ||     6
  Use: Potion            |     1 |       |       ||     1
Armor: Scale mail        |    57 |    30 |    50 ||   137
Dodge: Dodged            |    46 |    23 |    53 ||   122
Block: Buckler           |    16 |    11 |    18 ||    45

Table legend: (Time is in decaauts)
 A = Elapsed time spent in this place.
 B = Non-inter-level travel time spent in this place.
 C = Inter-level travel time spent in this place.
 D = Time resting spent in this place.
 E = Time spent auto-exploring this place.
 F = Levels seen in this place.
 G = Mean time per level.
                   A        B        C        D        E       F      G
               +--------+--------+--------+--------+--------+-----+--------+
         Total |   6879 |   6850 |     29 |   2163 |   3453 |   6 | 1146.5 |
       Dungeon |   6879 |   6850 |     29 |   2163 |   3453 |   6 | 1146.5 |
               +--------+--------+--------+--------+--------+-----+--------+

Top non-repeatable levels by time:
     D:5: 1981 daAuts
     D:4: 1613 daAuts
     D:6: 1575 daAuts
     D:1: 1279 daAuts
     D:2: 381 daAuts
     D:7: 48 daAuts
